 Dungeon Crawl Stone Soup version 0.29-a0-563-g64e4043184 (webtiles) character file.

Game seed: 13072324314172325598

1369 gruber the Frost Mage (level 8, 57/57 HPs)
             Began as a Black Draconian Ice Elementalist on June 11, 2022.
             Was an Initiate of Ashenzari.
             Quit the game on level 5 of the Dungeon.
             The game lasted 00:07:27 (7016 turns).

gruber the Frost Mage (DrIE)                        Turns: 7016, Time: 00:07:28

Health: 57/57      AC:  6    Str: 12    XL:     8   Next: 38%
Magic:  11/11      EV: 12    Int: 17    God:    Ashenzari [......]
Gold:   292        SH:  0    Dex: 11    Spells: 4/11 levels left

rFire   x . .      SeeInvis .   c - +2 whip (venom)
rCold   + . .      Faith    .   (no shield)
rNeg    . . .      Spirit   .   (body armour unavailable)
rPois   +          Reflect  .   (helmet restricted)
rElec   +          Harm     .   (no cloak)
rCorr   .          Rampage  .   (no gloves)
Will    .....                   (no boots)
Stlth   ++........              b - amulet of the acrobat
HPRegen 0.19/turn               d - ring of poison resistance
MPRegen 0.12/turn               v - ring of ice

@: no status effects
A: breathe lightning, AC +6, unfitting armour, electricity resistance,
cold-blooded
a: Breathe Lightning, Renounce Religion, Curse Item


You were on level 5 of the Dungeon.
You worshipped Ashenzari.
Ashenzari was noncommittal.
You visited 2 branches of the dungeon, and saw 7 of its levels.

You collected 292 gold pieces.

Inventory:

Hand Weapons
 c - a +2 whip of venom (weapon)
 l - a +2 short sword of freezing
Missiles
 y - a curare-tipped dart
Magical Staves
 t - a staff of conjuration
Jewellery
 b - an amulet of the acrobat (around neck)
 d - a ring of poison resistance (left hand)
 o - a ring of magical power
 v - a ring of ice (right hand)
Wands
 w - a wand of polymorph (15)
Scrolls
 e - 6 scrolls of poison {unknown}
 g - 5 scrolls of identify {unknown}
 h - 2 scrolls of enchant weapon {unknown}
 i - 2 scrolls of vulnerability {unknown}
 j - 7 scrolls of teleportation {unknown}
 k - a scroll of noise {unknown}
 p - a scroll of amnesia {unknown}
 q - a scroll of fear {unknown}
 u - 2 scrolls of summoning {unknown}
Potions
 a - a potion of magic
 f - 2 potions of degeneration {unknown}
 m - 2 potions of attraction {unknown}
 n - 2 potions of ambrosia {unknown}
 r - a potion of haste {unknown}
 s - a potion of curing {unknown}
 x - a potion of invisibility {unknown}
 z - a potion of flight {unknown}


   Skills:
 - Level 1.7 Dodging
 - Level 1.7 Stealth
 - Level 2.0 Spellcasting
 + Level 11.0 Ice Magic
 - Level 0.5 Evocations


You had 4 spell levels left.
You knew the following spells:

 Your Spells              Type           Power      Damage    Failure   Level
a - Freeze                Ice            100%       1d11      1%          1
b - Frozen Ramparts       Ice            100%       1d12      1%          3
c - Ozocubu's Armour      Ice            56%        N/A       1%          3

Your spell library contained the following spells:

 Spells                   Type           Power      Damage    Failure   Level
 Slow                     Hex            4%         N/A       19%         1
 Hailstorm                Conj/Ice       30%        3d8       21%         4
 Confusing Touch          Hex            1%         N/A       50%         3
 Vampiric Draining        Necr           1%         2d6       50%         3


Dungeon Overview and Level Annotations

Branches:
Dungeon (6/15)             Temple (1/1) D:5

Altars:
Ashenzari
Cheibriados
Dithmenos
Elyvilon
Fedhas
Gozag
Nemelex Xobeh
Qazlal
Ru
Sif Muna
Trog
Uskayaw
Wu Jian
Xom
Yredelemnul
Zin
The Shining One

Shops:
D:5 ?


Innate Abilities, Weirdness & Mutations

You can breathe wild blasts of lightning.
Your glossy black scales are hard. (AC +6)
You cannot fit into any form of body armour.
You are resistant to electric shocks. (rElec)
You are cold-blooded and may be slowed by cold attacks.


Message History

You are no longer corroded.
Things that are here:
a +0 lajatang; 15 stones; a gnoll corpse
Found an escape hatch in the floor.
Found an escape hatch in the ceiling.
You pick up a book of Debilitation and begin reading...
You add the spells Slow, Vampiric Draining and Confusing Touch to your library.
An iguana and an adder come into view.
There are monsters nearby!
There are monsters nearby!
Found a ring mail.
You barely miss the adder. The adder bites you but does no damage.
You feel a surge of power!
You freeze the adder.
The adder is moderately wounded.
The adder closely misses you. The adder bites you but does no damage.
You feel a surge of power!
You freeze the adder!
You kill the adder!
The iguana closely misses you.
You feel a surge of power!
You freeze the iguana.
The iguana is moderately wounded.
The iguana seems to slow down.
The iguana misses you.
You feel a surge of power!
You freeze the iguana.
The iguana is moderately wounded.
The iguana seems to slow down.
The iguana completely misses you.
You feel a surge of power!
You freeze the iguana.
The iguana is heavily wounded.
The iguana bites you but does no damage.
You feel a surge of power!
You freeze the iguana.
The iguana is severely wounded.
You feel a surge of power!
You freeze the iguana.
You kill the iguana!
You can't see any susceptible monsters within range! (Use Z to cast anyway.)
i - 2 scrolls labelled LEOSALO VEUTYP (gained 1)
There are monsters nearby!
There are monsters nearby!
There are monsters nearby!
There is an escape hatch in the ceiling here.
A mysterious force pulls you upwards. The hatch slams shut behind you.
You see here a +0 giant spiked club.
Are you sure you want to abandon this character and quit the game? (Confirm with "yes".)

#.# #.# #.# #.#### #.# #.# .....#
#.# #.#
.....#####.#########.############
.....'...........................
.....#####.######....############
.....# ###.######....# #.......#
...♣P♣##........#....####.......#
..≈♣♣♣♣.........@.......'.......#
.♣♣≈≈≈≈≈♣.......#....####.......#
♣♣≈PP≈≈♣♣≈......#....# #.......#
≈≈≈P≈♣≈≈♣♣+######....# #.......#
≈≈≈≈PP≈P≈≈≈# ####.#########'##
≈≈≈PP≈≈♣≈PP# #.............
≈♣P≈≈P♣≈≈♣♣# ############.#
≈≈≈≈≈≈P≈≈♣♣### #.# ≈P≈≈≈≈≈♣P≈P≈.#
#..


There were no monsters in sight!

Vanquished Creatures
  A water moccasin (D:5)
  3 ogres
  A centaur (D:5)
  A phantom (D:4)
  A kobold brigand (D:5)
  A necrophage (D:6)
  A scorpion (D:6)
  A wight (D:6)
  2 howler monkeys (D:6)
  2 jellies
  An orc priest (D:6)
  A gnoll shaman (D:5)
  3 hounds
  2 orc wizards (D:6)
  3 iguanas (D:6)
  5 adders
  8 gnolls (D:6)
  A white imp (D:5)
  A worm (D:3)
  A dart slug (D:2)
  5 orcs
  3 endoplasms
  3 giant cockroaches
  10 goblins
  11 hobgoblins
  6 quokkas
  5 ball pythons
  6 bats
  A frilled lizard (D:2)
  9 kobolds
  2 rats
101 creatures vanquished.

Vanquished Creatures (others)
  5 plants (D:5)
5 creatures vanquished.

Grand Total: 106 creatures vanquished

Notes
Turn   | Place    | Note
-------+----------+-------------------------------------------
     0 | D:1      | gruber the Draconian Ice Elementalist began the quest for
                  | the Orb.
     0 | D:1      | Reached XP level 1. HP: 14/14 MP: 3/3
   294 | D:1      | Found a faded altar of an unknown god.
   461 | D:1      | Reached XP level 2. HP: 20/20 MP: 0/5
  1314 | D:2      | Reached skill level 5 in Ice Magic
  1314 | D:2      | Reached XP level 3. HP: 14/26 MP: 2/6
  2204 | D:3      | Reached XP level 4. HP: 11/33 MP: 0/7
  2503 | D:3      | Learned a level 3 spell: Frozen Ramparts
  2507 | D:3      | Learned a level 3 spell: Ozocubu's Armour
  2692 | D:4      | Noticed a phantom
  2851 | D:4      | Noticed an ogre
  2859 | D:4      | Killed an ogre
  2860 | D:4      | Reached skill level 6 in Ice Magic
  2860 | D:4      | Reached XP level 5. HP: 38/38 MP: 0/8
  3037 | D:4      | Killed a phantom
  3038 | D:4      | Reached skill level 7 in Ice Magic
  3617 | D:5      | Entered Level 5 of the Dungeon
  3781 | D:5      | Reached XP level 6. HP: 44/45 MP: 9/9
  3889 | D:5      | Found a staircase to the Ecumenical Temple.
  3975 | D:5      | Noticed a water moccasin
  3987 | D:5      | Killed a water moccasin
  3988 | D:5      | Reached skill level 8 in Ice Magic
  4265 | D:5      | Your scales start taking on a glossy black colour.
  4265 | D:5      | Reached XP level 7. HP: 50/50 MP: 1/10
  4265 | D:5      | Gained mutation: You are resistant to electric shocks.
                  | (rElec) [Black Draconian growth]
  4537 | D:5      | Found Buiniq's Magic Scroll Shop.
  4592 | D:5      | Reached skill level 9 in Ice Magic
  5023 | Temple   | Entered the Ecumenical Temple
  5228 | Temple   | Became a worshipper of Ashenzari the Shackled
  5697 | D:6      | HP: 2/46 [wight/+0 great sword (3)]
  5699 | D:6      | Reached skill level 10 in Ice Magic
  6007 | D:6      | Reached XP level 8. HP: 44/57 MP: 7/11
  6312 | D:6      | Found a basalt altar of Yredelemnul.
  6793 | D:6      | Reached skill level 11 in Ice Magic
  7016 | D:5      | Quit the game

Illustrated notes

Levels and vault maps discovered:
D:1:      lemuel_arrival_hallway, layout_loops_ring,
          chequers_ecumenical_altar_lobes, chequers_garden
D:2:      layout_rooms, dk_vineyard_1
D:3:      layout_basic, corner_web_ring
D:4:      layout_basic
D:5:      layout_basic, minmay_temple_entry_drinking_statues, serial_shops,
          nicolae_shop_crystal, serial_bayou_lake_a
D:6:      layout_layer_cave, yredelemnul_altar_generic
Temple:   eino_temple_scatter_basement

Skill      XL: |  1  2  3  4  5  6  7  8 |
---------------+-------------------------+-----
Ice Magic      | 5 6 7 8 10 11 | 11.0
Dodging        | |  1.7
Stealth        | |  1.7
Spellcasting   | |  2.0
Evocations     | |  0.5

Action                   |  1- 3 |  4- 6 |  7- 9 || total
-------------------------+-------+-------+-------++-------
Melee: Unarmed           |     7 |       |       ||     7
       Whip              |    67 |    46 |    43 ||   156
       Tailslap          |     5 |     5 |     7 ||    17
       Punch             |     1 |       |       ||     1
 Cast: Freeze            |    33 |    19 |    25 ||    77
       Frozen Ramparts   |       |     5 |    15 ||    20
       Ozocubu's Armour  |       |     3 |     7 ||    10
 Abil: Breathe Lightning |       |       |     1 ||     1
Evoke: Wand              |       |     4 |       ||     4
 Stab: Sleeping          |     2 |       |       ||     2
Armor: Skin              |    27 |    16 |    19 ||    62
Dodge: Dodged            |    91 |    49 |    62 ||   202

Table legend: (Time is in decaauts)
 A = Elapsed time spent in this place.
 B = Non-inter-level travel time spent in this place.
 C = Inter-level travel time spent in this place.
 D = Time resting spent in this place.
 E = Time spent auto-exploring this place.
 F = Levels seen in this place.
 G = Mean time per level.
                   A        B        C        D        E       F      G
               +--------+--------+--------+--------+--------+-----+--------+
         Total |   7094 |   6795 |    299 |    281 |   5612 |   7 | 1013.4 |
       Dungeon |   6879 |   6602 |    277 |    281 |   5435 |   6 | 1146.5 |
        Temple |    214 |    192 |     22 |      0 |    177 |   1 |  214.0 |
               +--------+--------+--------+--------+--------+-----+--------+

Top non-repeatable levels by time:
     D:6: 1718 daAuts
     D:5: 1528 daAuts
     D:1: 1265 daAuts
     D:4: 902 daAuts
     D:3: 742 daAuts
     D:2: 722 daAuts
  Temple: 214 daAuts
